 Dungeon Crawl Stone Soup version 0.29-a0-330-g52719c12eb (webtiles) character file.

Game seed: 11491224169645150443

147 kae the Poker (level 5, 0/34 (38) HPs)
             Began as a Merfolk Gladiator on May 4, 2022.
             Slain by a goblin
             ... wielding a +0 club
             ... led by Robin
              (2 damage)
             ... on level 3 of the Dungeon.
             The game lasted 00:02:18 (1934 turns).

kae the Poker (Merfolk Gladiator)                   Turns: 1934, Time: 00:02:19

HP:   0/34 (38)     AC:  4    Str: 16    XL:     5   Next: 29%
MP:   5/5           EV: 13    Int:  8    God:
Gold: 64            SH:  0    Dex: 15    Spells: 4/4 levels left

rFire   . . .      SeeInvis .   a - +1 trident
rCold   . . .      Faith    .   (no shield)
rNeg    . . .      Spirit   .   b - +0 leather armour
rPois   .          Reflect  .   i - +0 helmet
rElec   .          Harm     .   (no cloak)
rCorr   .          Rampage  .   (no gloves)
Will    .....                   (no boots)
Stlth   +.........              (no amulet)
HPRegen 0.11/turn               (no ring)
MPRegen 0.09/turn               (no ring)

@: about to teleport, heavily drained
A: (nimble swimmer 2), mertail
a: no special abilities


You were on level 3 of the Dungeon.
You visited 1 branch of the dungeon, and saw 3 of its levels.

You collected 64 gold pieces.

Inventory:

Hand Weapons
 a - a +1 trident (weapon)
Missiles
 d - 3 throwing nets (quivered)
 e - a javelin
Armour
 b - a +0 leather armour (worn)
 c - a +0 helmet
 i - a +0 helmet (worn)
Scrolls
 n - a scroll of identify {unknown}
 p - a scroll of torment {unknown}
 r - a scroll of immolation {unknown}
Potions
 g - a potion of lignification {unknown}
 h - a potion of heal wounds {unknown}
 l - 2 potions of haste {unknown}
 m - a potion of flight {unknown}
 o - 2 potions of curing {unknown}
 q - a potion of attraction {unknown}


   Skills:
 - Level 2.1 Fighting
 + Level 7.7 Polearms
 - Level 2.0 Throwing
 - Level 4.0 Dodging


You had 4 spell levels left.
You didn't know any spells.
Your spell library contained the following spells:

 Spells                   Type           Power      Damage    Failure   Level
 Inner Flame              Hex/Fire       0%         N/A       85%         3
 Flame Wave               Conj/Fire      0%         2d4       99%         4
 Sticky Flame             Conj/Fire      0%         2d3       99%         4
 Starburst                Conj/Fire      0%         6d3       100%        6


Dungeon Overview and Level Annotations

Branches:
Dungeon (3/15)

Altars:

Annotations:
D:3 Robin


Innate Abilities, Weirdness & Mutations

((You are very nimble when in or above water. (Stealth+, EV+, Speed+++)))
Your lower body shifts to a powerful aquatic tail in water.


Message History

You hit Robin but do no damage.
Robin is heavily wounded.
Robin throws the goblin at you! The orc hits you but does no damage.
You feel drained. The goblin misses you. The goblin closely misses you.
The goblin hits you but does no damage. The goblin closely misses you.
A quokka comes into view.
You hit Robin but do no damage.
Robin is heavily wounded.
Robin completely misses you.
The orc hits you with a +0 flail of draining.
You feel drained. The goblin hits you with a +0 club. x3
The goblin hits you with a +0 dagger. The goblin barely misses you.
The goblin hits you but does no damage.
There are monsters nearby!
You are too injured to fight recklessly!
You are too injured to fight recklessly!
Unknown command.
As you read the scroll labelled BOTHUI GUKUSA, it crumbles to dust.
You feel aware of your surroundings.
You sensed 3 altars.
It was a scroll of magic mapping.
Robin barely misses you. The orc closely misses you.
The goblin closely misses you. x2
The goblin barely misses you. The goblin hits you with a +0 club.
The goblin closely misses you. x2
Okay, then.
As you read the scroll labelled ATI TEOZAES, it crumbles to dust.
It is a scroll of enchant weapon.
Your +0 trident glows red for a moment.
The orc closely misses you. The goblin hits you with a +0 club.
* * * LOW HITPOINT WARNING * * *
The goblin barely misses you. The goblin hits you but does no damage.
The goblin misses you. The goblin hits you but does no damage.
The goblin closely misses you.
As you read the scroll labelled FITWIYC NENG, it crumbles to dust.
You feel strangely unstable.
It was a scroll of teleportation.
Robin hits you but does no damage. The goblin hits you with a +0 club.
* * * LOW HITPOINT WARNING * * *
The orc closely misses you. The goblin hits you with a +0 club.
* * * LOW HITPOINT WARNING * * *
The goblin hits you but does no damage. The goblin hits you with a +0 club.
You die...

* **,,,,,,,,,,**** *
##...,,,.....,,,* *
#..###,###..#**,* *
##.##..,..##.##*,* *
#..#...#...#..#*,* *
*,.#.<.g.<.#.,**,* *
*,,*.ggggr.*,,,*,* *
#..#.#ogg#.#...,,* *
#....og@ggl...#*,* *****
##..#oggg.#...#*,* ,,,,*
*..#######..,#*,* ***,*
##...........#*,* *,*
###.....##.##*,* *,*
####.##*,# *,*
**,************,.#**,***,*
*,,,,,,,,,,,,,,,..,,,,,,,*
*,,********,,,,,,,,,,*****


You could see Robin, 3 orcs, a quokka, 12 goblins and a frilled lizard.

Vanquished Creatures
  An ogre (D:2)
  2 adders (D:2)
  A worm (D:2)
  A dart slug (D:2)
  6 ball pythons
  2 bats (D:1)
  An endoplasm (D:2)
  A giant cockroach (D:1)
  3 goblins
  7 hobgoblins
  5 kobolds
  3 quokkas (D:1)
  2 frilled lizards (D:2)
  A rat (D:2)
36 creatures vanquished.

Notes
Turn   | Place    | Note
-------+----------+-------------------------------------------
     0 | D:1      | kae the Merfolk Gladiator began the quest for the Orb.
     0 | D:1      | Reached XP level 1. HP: 16/16 MP: 1/1
    50 | D:1      | Reached XP level 2. HP: 21/22 MP: 2/2
   165 | D:1      | Got the Papyrus of the Arsonist
   373 | D:1      | Reached skill level 5 in Polearms
  1123 | D:2      | Reached XP level 3. HP: 23/27 MP: 3/3
  1301 | D:2      | Noticed an ogre
  1307 | D:2      | Killed an ogre
  1308 | D:2      | Reached skill level 7 in Polearms
  1308 | D:2      | Reached XP level 4. HP: 33/33 MP: 4/4
  1308 | D:2      | Reached XP level 5. HP: 38/38 MP: 5/5
  1927 | D:3      | Noticed Robin
  1927 | D:3      | Found a faded altar of an unknown god.
  1934 | D:3      | Slain by a goblin

Illustrated notes

Levels and vault maps discovered:
D:1:      denvon_arrival_waterhouse, layout_loops_ring
D:2:      layout_loops_ring
D:3:      layout_loops_ring, zin_academy, nicolae_overflow_squiral,
          nicolae_ecumenical_pavilion, minmay_misc_feat_cross, uniq_sigmund,
          uniq_crazy_yiuf_cottage, uniq_robin

Skill      XL: |  1  2  3 |
---------------+----------+-----
Polearms       | 5 7 |  7.7
Fighting       | |  2.1
Throwing       | |  2.0
Dodging        | |  4.0

Action                   |  1- 3 |  4- 6 || total
-------------------------+-------+-------++-------
Melee: Trident           |    85 |    38 ||   123
  Use: Scroll            |       |     3 ||     3
 Stab: Sleeping          |     1 |       ||     1
Armor: Leather armour    |    17 |     9 ||    26
Dodge: Dodged            |    45 |    29 ||    74

Table legend: (Time is in decaauts)
 A = Elapsed time spent in this place.
 B = Non-inter-level travel time spent in this place.
 C = Inter-level travel time spent in this place.
 D = Time resting spent in this place.
 E = Time spent auto-exploring this place.
 F = Levels seen in this place.
 G = Mean time per level.
                   A        B        C        D        E       F      G
               +--------+--------+--------+--------+--------+-----+--------+
         Total |   1925 |   1846 |     79 |     68 |   1539 |   3 |  641.7 |
       Dungeon |   1925 |   1846 |     79 |     68 |   1539 |   3 |  641.7 |
               +--------+--------+--------+--------+--------+-----+--------+

Top non-repeatable levels by time:
     D:1: 1034 daAuts
     D:2: 885 daAuts
     D:3: 6 daAuts
